 Dungeon Sprint DCSS version 0.30.1-11-g7821555f0a (webtiles) character file.

Game seed: 15562515340612131878

756 Heoruswealwe the Spear-Bearer (level 7, -17/73 HPs)
             Began as a Minotaur Fighter on Nov 8, 2023.
             Was an Initiate of Gozag.
             Demolished by a two-headed ogre
             ... wielding a +0 giant club
              (21 damage)
             ... in the Dungeon (Sprint IX: "|||||||||||||||||||||||||||||").
             The game lasted 00:02:47 (168 turns).

Heoruswealwe the Spear-Bearer (Minotaur Fighter)     Turns: 168, Time: 00:02:48

Health: -17/73     AC: 14    Str: 23    XL:     7   Next: 50%
Magic:  6/6        EV: 11    Int:  5    God:    Gozag
Gold:   0          SH:  0    Dex:  9    Spells: 6/6 levels left

rFire   . . .        b - +2 halberd "Elaupty" {pain, Will+}
rCold   . . .        (shield currently unavailable)
rNeg    . . .        c - +1 chain mail
rPois   .            (helmet restricted)
rElec   .            h - +0 cloak
rCorr   .            (no gloves)
SInv    .            (no boots)
Will    +....        (no amulet) Stlth
                     k - +2 ring of evasion
HPRegen 0.32/turn    (no ring)
MPRegen 0.10/turn

%: no teleportation
@: gold aura
A: horns 2, retaliatory headbutt
a: Renounce Religion, Potion Petition, Call Merchant, Bribe Branch


You were in the Dungeon.
You worshipped Gozag.
Gozag was noncommittal.
You visited 1 branch

Inventory:

Hand Weapons
 a - a +0 trident
 b - the +2 halberd "Elaupty" (weapon) {pain, Will+}
   (You found it in the Dungeon)

   Will:      It increases your willpower.
Armour
 c - a +1 chain mail (worn)
 d - a +0 buckler
 h - a +0 cloak (worn)
Jewellery
 k - a +2 ring of evasion (left hand)
Wands
 l - a wand of iceblast (10)
Scrolls
 j - 2 scrolls of blinking
Potions
 e - 5 potions of curing
 g - a potion of haste
 i - a potion of berserk rage
 m - a potion of might


   Skills:
 + Level 10.6 Fighting
 * Level 14.0 Polearms
 + Level 10.6 Armour
 - Level 3.6 Shields


You had 6 spell levels left.
You didn't know any spells.
Your spell library was empty.

Dungeon Overview and Level Annotations

Branches:
Dungeon (1/1)

Altars:
Cheibriados
Dithmenos
Elyvilon
Fedhas
Gozag
Hepliaklqana
Kikubaaqudgha
Makhleb
Nemelex Xobeh
Okawaru
Qazlal
Ru
Sif Muna
Trog
Uskayaw
Vehumet
Wu Jian
Xom
Yredelemnul
Zin
The Shining One
Jiyva
Lugonu


Innate Abilities, Weirdness & Mutations

You have a pair of horns on your head.
You reflexively headbutt those who attack you in melee.


Message History

You completely miss something. Something hits you but does no damage.
You slash something! Something hits you but does no damage.
You barely miss something. Your headbutt misses something.
Something hits you but does no damage.
You puncture something! Your headbutt misses something. Something hits you.
* * * LOW HITPOINT WARNING * * *
Something hits you.
* * * LOW HITPOINT WARNING * * *
You feel much better.
Something hits you but does no damage. x2
You closely miss something. Something hits you.
Something hits you but does no damage.
You slash something!
Reactivating autopickup.
You feel a bit more experienced.
Your Fighting skill increases to level 10!
Your Polearms skill gained 2 levels and is now at level 14!
Your Armour skill increases to level 10!
You have reached level 7!
You slash the two-headed ogre!
The two-headed ogre is lightly wounded.
The two-headed ogre hits you with a +0 giant club!!
* * * LOW HITPOINT WARNING * * *
The two-headed ogre hits you with a +0 giant club!
* * * LOW HITPOINT WARNING * * *
You feel much better.
You slice the two-headed ogre!!
Your headbutt misses the two-headed ogre.
The two-headed ogre is heavily wounded.
The two-headed ogre hits you with a +0 giant club!
* * * LOW HITPOINT WARNING * * *
The two-headed ogre hits you with a +0 giant club!
* * * LOW HITPOINT WARNING * * *
You barely miss the two-headed ogre.
Your headbutt misses the two-headed ogre.
The two-headed ogre is heavily wounded.
You hit the two-headed ogre.
The two-headed ogre is heavily wounded.
The two-headed ogre hits you with a +0 giant club!!
You die...
Your body crumbles into a pile of gold. ▓▓▓▓▓▓▓▓▓▓▓▓▓▓▓▓▓▓▓▓▓▓▓ +....O@$...[=[)?!'_____ ▓▓▓▓▓▓▓▓▓▓▓▓▓▓▓▓▓▓▓▓▓▓▓ $ $$$$$ $ $ $ $$$$$ $$$$

You could see a two-headed ogre.

Vanquished Creatures
  An unseen horror (D)
  A shadow (D)
  A centaur (D)
  A phantom (D)
  A kobold brigand (D)
  A wight (D)
  A howler monkey (D)
  An adder (D)
  A gnoll (D)
  An orc (D)
  2 ball pythons (D)
  A bat (D)
  A goblin (D)
  A kobold (D)
15 creatures vanquished.

Notes
Turn   | Place    | Note
-------+----------+-------------------------------------------
     0 | D        | Heoruswealwe the Minotaur Fighter began the quest for the
                  | Orb.
     0 | D        | Reached XP level 1. HP: 19/19 MP: 0/0
     7 | D        | Reached skill level 3 in Polearms
    24 | D        | Noticed a howler monkey
    24 | D        | Noticed a phantom
    30 | D        | Killed a phantom
    31 | D        | Reached skill level 7 in Polearms
    31 | D        | Reached XP level 2. HP: 28/30 MP: 1/1
    31 | D        | Reached XP level 3. HP: 34/37 MP: 2/2
    31 | D        | Reached XP level 4. HP: 41/44 MP: 3/3
    33 | D        | Reached skill level 8 in Polearms
    42 | D        | Reached XP level 5. HP: 42/52 MP: 4/4
    48 | D        | Found a snail-covered altar of Cheibriados.
    48 | D        | Found a shadowy altar of Dithmenos.
    48 | D        | Found a white marble altar of Elyvilon.
    48 | D        | Found a blossoming altar of Fedhas.
    48 | D        | Found an opulent altar of Gozag.
    49 | D        | Found a hazy altar of Hepliaklqana.
    50 | D        | Found a viscous altar of Jiyva.
    51 | D        | Found an ancient bone altar of Kikubaaqudgha.
    52 | D        | Found a corrupted altar of Lugonu.
    53 | D        | Found a burning altar of Makhleb.
    54 | D        | Found a sparkling altar of Nemelex Xobeh.
    55 | D        | Found an iron altar of Okawaru.
    56 | D        | Became a worshipper of Gozag Ym Sagoz the Greedy
    57 | D        | Found a stormy altar of Qazlal.
    58 | D        | Found a sacrificial altar of Ru.
    59 | D        | Found a shimmering blue altar of Sif Muna.
    60 | D        | Found a bloodstained altar of Trog.
    61 | D        | Found a hide-covered altar of Uskayaw.
    62 | D        | Found a radiant altar of Vehumet.
    63 | D        | Found an ornate altar of the Wu Jian Council.
    64 | D        | Found a shimmering altar of Xom.
    65 | D        | Found a basalt altar of Yredelemnul.
    66 | D        | Found a glowing silver altar of Zin.
    67 | D        | Found a glowing golden altar of the Shining One.
    83 | D        | Got the +2 halberd "Elaupty" {pain, Will+}
   125 | D        | Noticed a two-headed ogre
   125 | D        | Noticed a centaur
   125 | D        | Noticed a shadow
   130 | D        | Reached skill level 10 in Polearms
   135 | D        | Killed a shadow
   136 | D        | Reached skill level 11 in Polearms
   136 | D        | Reached XP level 6. HP: 19/63 MP: 5/5
   140 | D        | Reached skill level 12 in Polearms
   163 | D        | Killed an unseen horror
   164 | D        | Reached skill level 10 in Fighting
   164 | D        | Reached skill level 14 in Polearms
   164 | D        | Reached skill level 10 in Armour
   164 | D        | Reached XP level 7. HP: 33/73 MP: 6/6
   164 | D        | HP: 3/73 [two-headed ogre/+0 giant club (8)]
   168 | D        | Demolished by a two-headed ogre

Illustrated notes

Levels and vault maps discovered:
D:        linesprint [early_d, line_temple, items_1, d_10, items_2, lair_1,
          lair_end, items_3, orc_1, orc_end, items_4, d_15, swamp_1, shoals_1,
          snake_1, spider_1, d_20, vaults_1, items_5, swamp_end, shoals_end,
          snake_end, spider_end, vaults_end, d_27, items_6, zot_1, zot_end,
          crypt_end, forest_end, elf_end, slime_end, tomb_end, abyss_end,
          pan_hell_end]

Skill      XL: |  1  2  3  4  5  6 |
---------------+-------------------+-----
Polearms       | 7 8 11 14 | 14.0
Fighting       | 6 7 9 10 | 10.6
Armour         | 6 9 10 | 10.6
Shields        | |  3.6

Action                     |  1- 3 |  4- 6 |  7- 9 || total
---------------------------+-------+-------+-------++-------
  Melee: Trident           |    17 |    10 |       ||    27
         Headbutt          |     1 |     6 |       ||     7
         Halberd           |       |    32 |     4 ||    36
    Use: Potion            |       |     2 |     1 ||     3
 Armour: Scale mail        |     5 |     2 |       ||     7
         Chain mail        |       |    24 |       ||    24
  Dodge: Dodged            |     9 |     9 |       ||    18
  Block: Buckler           |     3 |     1 |       ||     4
